 Seeded DCSS version 0.29.1-15-g9cfb28693d (webtiles) character file.

Game seed: 16814609885328743250 (custom seed)

2434 Gelion the Covert (level 9, 0/54 HPs)
             Began as a Kobold Brigand on Apr 30, 2023.
             Slain by a gnoll sergeant
             ... wielding a +0 spear
              (6 damage)
             ... on level 6 of the Dungeon.
             The game lasted 00:12:40 (6842 turns).

Gelion the Covert (Kobold Brigand)                  Turns: 6842, Time: 00:12:40

Health: 0/54       AC:  4    Str:  9    XL:     9   Next: 77%
Magic:  9/9        EV: 18    Int: 12    God:
Gold:   519        SH:  0    Dex: 20    Spells: 8/8 levels left

rFire   . . .      SeeInvis .   k - +3 dagger (elec)
rCold   . . .      Faith    .   (no shield)
rNeg    . . .      Spirit   .   b - +0 robe
rPois   .          Reflect  .   A - +0 helmet
rElec   .          Harm     .   c - +0 cloak
rCorr   .          Rampage  .   (no gloves)
Will    +....                   (no boots)
Stlth   ++++++....              (no amulet)
HPRegen 0.18/turn               n - ring of willpower
MPRegen 0.11/turn               (no ring)

@: mighty
A: small, no large weapons, nightstalker 3
a: no special abilities


You were on level 6 of the Dungeon.
You visited 1 branch of the dungeon, and saw 6 of its levels.
You also visited: Ossuary.

You collected 519 gold pieces.

Inventory:

Hand Weapons
 k - a +3 dagger of electrocution (weapon)
Missiles
 d - 12 poisoned darts (quivered)
 e - 3 curare-tipped darts
Armour
 b - a +0 robe (worn)
 c - a +0 cloak (worn)
 A - a +0 helmet (worn)
Jewellery
 l - a ring of resist corrosion
 n - a ring of willpower (left hand)
Wands
 w - a wand of mindburst (4)
 y - a wand of polymorph (11)
 z - a wand of flame (28)
 B - a wand of paralysis (11)
 C - a wand of roots (6)
Scrolls
 g - 6 scrolls of teleportation
 i - 3 scrolls of blinking
 j - 4 scrolls of identify
Potions
 f - 3 potions of haste {unknown}
 h - a potion of ambrosia {unknown}
 m - 4 potions of degeneration {unknown}
 o - 2 potions of heal wounds {unknown}
 p - 4 potions of brilliance
 q - a potion of cancellation {unknown}
 r - 2 potions of curing
 s - 3 potions of lignification
 t - a potion of magic {unknown}
 u - a potion of invisibility {unknown}
 v - a potion of resistance {unknown}
 x - 5 potions of flight {unknown}


   Skills:
 + Level 5.5 Fighting
 * Level 9.1 Short Blades
 + Level 5.6 Throwing
 + Level 5.5 Dodging
 * Level 10.8 Stealth


You had 8 spell levels left.
You didn't know any spells.
Your spell library contained the following spells:

 Spells                   Type           Power      Damage    Failure   Level
 Ozocubu's Armour         Ice            0%         N/A       69%         3
 Portal Projectile        Hex/Tloc       0%         N/A       69%         3
 Tukima's Dance           Hex            0%         N/A       69%         3
 Animate Armour           Summ/Erth      0%         N/A       97%         4
 Passage of Golubria      Tloc           0%         N/A       97%         4
 Yara's Violent Unravell  Hex/Tmut       0%         3d3       100%        5
 Haunt                    Necr/Summ      0%         N/A       100%        7
 Ozocubu's Refrigeration  Ice            0%         4d7       100%        7


Dungeon Overview and Level Annotations

Branches:
Dungeon (6/15)             Temple (0/1) D:4         Ossuary (visited)

Altars:
Cheibriados
Hepliaklqana
Vehumet
Yredelemnul

Annotations:
D:6 1 runed translucent door


Innate Abilities, Weirdness & Mutations

You are small and have problems with some larger weapons.
You are completely attuned to the shadows.


Message History

The gnoll sergeant is lightly wounded.
You hit the gnoll sergeant.
Lightning courses through the gnoll sergeant!
The gnoll sergeant is severely wounded.
The gnoll completely misses you.
The gnoll sergeant hits you with a +0 spear!
You hit the gnoll sergeant.
The gnoll sergeant is almost dead.
You hit the gnoll sergeant but do no damage.
The gnoll sergeant is almost dead.
The gnoll closely misses you.
The gnoll sergeant hits you with a +0 spear.
You hit the gnoll sergeant but do no damage.
The gnoll sergeant is almost dead.
The gnoll completely misses you.
The gnoll sergeant hits you with a +0 spear.
* * * LOW HITPOINT WARNING * * *
You hit the gnoll sergeant.
The gnoll sergeant is almost dead.
You hit the gnoll sergeant but do no damage.
The gnoll sergeant is almost dead.
The gnoll closely misses you.
The gnoll sergeant hits you with a +0 spear!
* * * LOW HITPOINT WARNING * * *
You hit the gnoll sergeant but do no damage.
The gnoll sergeant is almost dead.
You hit the gnoll sergeant but do no damage.
The gnoll sergeant is almost dead.
The gnoll hits you with a +0 spear.
* * * LOW HITPOINT WARNING * * *
The gnoll sergeant closely misses you.
Unknown command.
You feel better.
The gnoll sergeant hits you with a +0 spear.
* * * LOW HITPOINT WARNING * * *
The gnoll hits you with a +0 spear.
* * * LOW HITPOINT WARNING * * *
You feel very mighty all of a sudden.
The gnoll sergeant hits you with a +0 spear.
You die...

......####..###
#...#.##.#....##
............#
...#..#.....# ...
#####....#...### #.....?
...#.....#..## .......
~~~+...#....# .##..# ###
...#..##.....#
..#..###.#######@g####...#
...............g### #..##
##.##)........)...# ##.#
.#.#..#...........#
.....##...........#
.._............####
.....##......###
.#.#..#.......#
##.##.......###


You could see a gnoll sergeant and a gnoll.

Vanquished Creatures
  Sigmund (D:4)
  Menkaure (D:4)
  Edmund (D:4)
  A water moccasin (D:5)
  Duvessa (D:4)
  3 ice beasts
  An ogre (D:6)
  3 phantoms
  A bullfrog (D:6)
  A water moccasin zombie (D:4)
  7 scorpions
  Dowan (D:4)
  2 hounds (D:5)
  4 orc priests
  A jelly (D:4)
  Crazy Yiuf (D:5)
  Jessica (D:2)
  2 iguanas (D:4)
  3 orc wizards
  8 mummies (Ossuary)
  4 gnolls (D:6)
  3 adders
  A shadow imp (D:5)
  A white imp (D:5)
  2 worms (D:3)
  4 dart slugs
  11 orcs
  5 ball pythons
  9 endoplasms
  5 goblins
  4 hobgoblins
  13 jackals
  6 quokkas
  14 bats
  2 frilled lizards
  A gnoll zombie (Ossuary)
  A hobgoblin zombie (Ossuary)
  A jackal zombie (D:4)
  7 kobolds
  5 kobold zombies (Ossuary)
  An orc zombie (Ossuary)
  A rat (D:2)
145 creatures vanquished.

Vanquished Creatures (others)
  2 fungi (D:5)
2 creatures vanquished.

Grand Total: 147 creatures vanquished

Notes
Turn   | Place    | Note
-------+----------+-------------------------------------------
     0 | D:1      | Gelion the Kobold Brigand began the quest for the Orb.
     0 | D:1      | Reached XP level 1. HP: 12/12 MP: 1/1
   355 | D:1      | Reached XP level 2. HP: 17/17 MP: 2/2
   633 | D:1      | Found a faded altar of an unknown god.
   732 | D:2      | Reached XP level 3. HP: 13/22 MP: 3/3
  1078 | D:2      | Noticed Jessica
  1085 | D:2      | Killed Jessica
  1086 | D:2      | Reached skill level 6 in Stealth
  1086 | D:2      | Reached XP level 4. HP: 11/27 MP: 4/4
  1368 | D:2      | Got the Anthology of Topological Accomplices
  2556 | D:3      | Reached XP level 5. HP: 32/32 MP: 5/5
  3375 | D:4      | Reached XP level 6. HP: 35/37 MP: 6/6
  3398 | D:4      | Reached skill level 7 in Stealth
  3480 | D:4      | Reached skill level 5 in Short Blades
  3549 | D:4      | Found a staircase to the Ecumenical Temple.
  3587 | D:4      | Found a sand-covered staircase.
  3593 | Ossuary  | Entered an ossuary
  3763 | Ossuary  | Reached XP level 7. HP: 41/41 MP: 7/7
  4458 | D:4      | Noticed Duvessa
  4461 | D:4      | Noticed Dowan
  4462 | D:4      | Killed Duvessa
  4491 | D:4      | Killed Dowan
  4492 | D:4      | Reached skill level 8 in Stealth
  4713 | D:4      | Found a basalt altar of Yredelemnul.
  4766 | D:4      | Noticed Menkaure
  4773 | D:4      | Killed Menkaure
  4774 | D:4      | Reached XP level 8. HP: 26/48 MP: 8/8
  4918 | D:4      | Noticed Sigmund
  4921 | D:4      | Killed Sigmund
  4937 | D:4      | Noticed Edmund
  4940 | D:4      | Killed Edmund
  4941 | D:4      | Reached skill level 9 in Stealth
  4983 | D:5      | Entered Level 5 of the Dungeon
  5018 | D:5      | Found a runed translucent door.
  5021 | D:5      | Noticed Crazy Yiuf
  5026 | D:5      | Killed Crazy Yiuf
  5429 | D:5      | Found a snail-covered altar of Cheibriados.
  5464 | D:5      | Reached XP level 9. HP: 31/52 MP: 9/9
  5688 | D:5      | Found a radiant altar of Vehumet.
  5849 | D:5      | Reached skill level 5 in Fighting
  5849 | D:5      | Reached skill level 5 in Throwing
  5851 | D:5      | Reached skill level 10 in Stealth
  5858 | D:5      | Reached skill level 5 in Dodging
  6676 | D:6      | Found a runed translucent door.
  6694 | D:6      | Found a hazy altar of Hepliaklqana.
  6840 | D:6      | HP: 2/54 [gnoll/+0 spear[a gnoll sergeant] (6)]
  6842 | D:6      | Slain by a gnoll sergeant

Illustrated notes

Levels and vault maps discovered:
D:1:      dpeg_arrival_tiny_j, layout_rooms,
          shapermc_ecumenical_altar_totnotflames
D:2:      layout_loops_ring, kennysheep_jessica_study
D:3:      layout_loops_corners
D:4:      wander_river, layout_loops_ring, lemuel_zombie_altar_yredelemnul,
          minmay_temple_entry_proselytizer, nicolae_ossuary_entry_ruins,
          minmay_misc_feat_doors, sigmund_edmund_badplayer, uniq_duvessa,
          uniq_menkaure
D:5:      old_forge, layout_basic, mainiacjoe_overflow_two_lobes,
          uniq_crazy_yiuf_cottage, uniq_sigmund
D:6:      layout_cave_pools, mainiacjoe_overflow_small_starburst,
          ebering_ghost_reflecting_pool, kennysheep_small_circle

Skill      XL: |  1  2  3  4  5  6  7  8  9 |
---------------+----------------------------+-----
Short Blades   | 3 4 5 6 7 9 |  9.1
Stealth        | 6 7 8 9 10 | 10.8
Dodging        | 2 3 4 5 |  5.5
Fighting       | 3 4 5 |  5.5
Throwing       | 3 4 5 |  5.6

Action                   |  1- 3 |  4- 6 |  7- 9 || total
-------------------------+-------+-------+-------++-------
Melee: Dagger            |    47 |   168 |   195 ||   410
       Punch             |     1 |     1 |     5 ||     7
  Use: Scroll            |       |    10 |     4 ||    14
       Potion            |       |     1 |     5 ||     6
 Stab: Sleeping          |    10 |    25 |    23 ||    58
       Distracted        |       |       |     1 ||     1
Armor: Robe              |     7 |    27 |    10 ||    44
Dodge: Dodged            |    24 |   103 |    90 ||   217
